 Dungeon Crawl Stone Soup version 0.29-a0-459-g97dee8cd24 (webtiles) character file.

Game seed: 3003438914918560187

126 hquester the Skirmisher (level 4, -10/60 HPs)
             Began as a Minotaur Fighter on May 20, 2022.
             Killed by divine providence
             ... invoked by an orc priest
              (15 damage)
             ... on level 3 of the Dungeon.
             The game lasted 00:05:41 (2381 turns).

hquester the Skirmisher (Minotaur Fighter)          Turns: 2381, Time: 00:05:41

Health: -10/60     AC: 22    Str: 20    XL:     4   Next: 83%
Magic:  3/3        EV:  2    Int:  5    God:
Gold:   91         SH:  5    Dex: 12    Spells: 3/3 levels left

rFire   . . .      SeeInvis .   a - +0 war axe
rCold   . . .      Faith    .   c - +0 buckler
rNeg    . . .      Spirit   .   (body armour currently unavailable)
rPois   +          Reflect  .   (helmet currently unavailable)
rElec   .          Harm     .   (cloak currently unavailable)
rCorr   .          Rampage  .   (gloves currently unavailable)
Will    .....      NoTele   +   (boots currently unavailable)
Stlth   +.........              (no amulet)
HPRegen 0.20/turn               (no ring)
MPRegen 0.08/turn               (no ring)

@: lethally poisoned (-10 -> -12), tree-form
A: stationary, stasis, torment immunity, boosted hp, (horns 2), (retaliatory
headbutt)
a: no special abilities


You were on level 3 of the Dungeon.
You were a tree.
You visited 1 branch of the dungeon, and saw 3 of its levels.

You collected 91 gold pieces.

Inventory:

Hand Weapons
 a - a +0 war axe (weapon)
Missiles
 f - 103 stones (quivered)
Armour
 c - a +0 buckler (worn)
 l - a +0 chain mail (melded)
Jewellery
 o - an amulet of regeneration
Scrolls
 b - a scroll of identify {unknown}
 h - a scroll of fog {unknown}
 j - 2 scrolls of vulnerability {unknown}
 k - a scroll of blinking {unknown}
Potions
 d - a potion of might
 e - a potion of lignification
 g - a potion of curing {unknown}
 i - a potion of mutation {unknown}
 m - a potion of heal wounds {unknown}
 n - a potion of cancellation {unknown}


   Skills:
 + Level 4.3 Fighting
 + Level 3.1 Axes
 + Level 1.4 Throwing
 + Level 4.2 Armour
 + Level 1.6 Dodging
 + Level 4.2 Shields
 + Level 1.0 Invocations


You had 3 spell levels left.
You didn't know any spells.
Your spell library was empty.

Dungeon Overview and Level Annotations

Branches:
Dungeon (3/15)

Altars:

Shops:
D:2 [


Innate Abilities, Weirdness & Mutations

You are a tree.
Your roots penetrate the ground, keeping you stationary.
You cannot be teleported.
You are immune to unholy pain and torment.
Your maximum health is greatly increased.
Your equipment is partially melded.
((You have a pair of horns on your head.))
((You reflexively headbutt those who attack you in melee.))


Message History

Beogh smites you!
You hit the orc but do no damage.
A hobgoblin comes into view.
You block the orc's attack. The orc hits you but does no damage.
You barely miss the orc.
The orc priest calls down the wrath of Beogh upon you.
Beogh smites you! The orc hits you but does no damage.
You hit the orc.
The orc is moderately wounded.
The orc priest mumbles some strange prayers to Beogh against you.
Beogh smites you!
* * * LOW HITPOINT WARNING * * *
The orc hits you but does no damage.
Okay, then.
Okay, then.
It was a potion of lignification.
You turn into a tree.
Your +0 chain mail melds into your body.
Your roots penetrate the ground.
The orc hits you but does no damage.
You slash the orc!
You kill the orc!
You block the adder's attack.
You hit the adder.
The adder is lightly wounded.
The adder bites you but does no damage. You block the adder's attack.
You completely miss the adder.
The adder is lightly wounded.
The adder bites you but does no damage. x2
You barely miss the adder. The adder bites you but does no damage.
You block the adder's attack.
You barely miss the adder. The adder bites you but does no damage.
You barely miss the adder. The adder bites you but does no damage.
The adder bites you.
* * * LOW HITPOINT WARNING * * *
You are poisoned.
The adder poisons you!
You closely miss the adder.
You feel sick.
The adder bites you but does no damage. x2
The orc priest mumbles some strange prayers to Beogh against you.
Beogh smites you!
You die... #.........# +.........+ ......... ....... ..... goo

#S# #♣# #.#
###.#######
####.........#
..........###..
######..†##
##..## #...#
### ###.##


You could see an orc priest, an adder, an orc and a hobgoblin.

Vanquished Creatures
  An orc wizard (D:3)
  4 adders
  A gnoll (D:1)
  A dart slug (D:1)
  7 orcs (D:3)
  3 endoplasms
  2 giant cockroaches (D:1)
  3 goblins
  5 hobgoblins
  4 ball pythons
  7 bats
  3 frilled lizards
  6 kobolds
  4 rats
51 creatures vanquished.

Notes
Turn   | Place    | Note
-------+----------+-------------------------------------------
     0 | D:1      | hquester the Minotaur Fighter began the quest for the Orb.
     0 | D:1      | Reached XP level 1. HP: 19/19 MP: 0/0
    29 | D:1      | Reached XP level 2. HP: 27/27 MP: 1/1
   910 | D:2      | Reached XP level 3. HP: 32/33 MP: 2/2
   964 | D:2      | Reached skill level 1 in Dodging
  1101 | D:2      | Found Okluh's Antique Armour Boutique.
  1113 | D:2      | Found a faded altar of an unknown god.
  1401 | D:2      | Reached skill level 1 in Throwing
  1837 | D:3      | Reached XP level 4. HP: 40/40 MP: 3/3
  2304 | D:3      | Reached skill level 1 in Invocations
  2381 | D:3      | Killed from afar by an orc priest

Illustrated notes

Levels and vault maps discovered:
D:1:      saegor_arrival_simple_c, layout_loops_ring
D:2:      layout_basic, basic_ecumenical_altar, serial_shops, shop_statue,
          minmay_misc_feat_pillars
D:3:      minmay_razor_zed, layout_loops_corners, uniq_robin

Skill      XL: |  1  2  3  4 |
---------------+-------------+-----
Fighting       | 4 |  4.3
Dodging        | 1 |  1.6
Shields        | 4 |  4.2
Throwing       | 1 |  1.4
Armour         | 4 |  4.2
Axes           | 3 |  3.1
Invocations    | 1 |  1.0

Action                   |  1- 3 |  4- 6 || total
-------------------------+-------+-------++-------
Melee: War axe           |    68 |    42 ||   110
       Headbutt          |    10 |     5 ||    15
Throw: Stone             |    10 |       ||    10
  Use: Potion            |       |     1 ||     1
Armor: Scale mail        |    23 |       ||    23
       Chain mail        |    15 |    21 ||    36
       Skin              |       |     9 ||     9
Dodge: Dodged            |    35 |     8 ||    43
Block: Buckler           |    16 |    10 ||    26

Table legend: (Time is in decaauts)
 A = Elapsed time spent in this place.
 B = Non-inter-level travel time spent in this place.
 C = Inter-level travel time spent in this place.
 D = Time resting spent in this place.
 E = Time spent auto-exploring this place.
 F = Levels seen in this place.
 G = Mean time per level.
                   A        B        C        D        E       F      G
               +--------+--------+--------+--------+--------+-----+--------+
         Total |   2424 |   2380 |     44 |      0 |   2007 |   3 |  808.0 |
       Dungeon |   2424 |   2380 |     44 |      0 |   2007 |   3 |  808.0 |
               +--------+--------+--------+--------+--------+-----+--------+

Top non-repeatable levels by time:
     D:2: 1101 daAuts
     D:1: 718 daAuts
     D:3: 604 daAuts
